 Dungeon Crawl Stone Soup version 0.23.2-40-g277498a001 (webtiles) character file.

Game seed: 2164220843703589657

32 Glamhuggeren the Chopper (level 3, 20/28 HPs)
             Began as a Demonspawn Gladiator on Oct 4, 2019.
             Quit the game on level 2 of the Dungeon.
             The game lasted 00:04:34 (1160 turns).

Glamhuggeren the Chopper (Demonspawn Gladiator)     Turns: 1160, Time: 00:04:34

Health: 20/28      AC:  4    Str: 14    XL:     3   Next: 8%
Magic:  3/3        EV: 15    Int:  9    God:
Gold:   30         SH:  0    Dex: 15    Spells: 2/2 levels left

rFire    . . .     SeeInvis .   k - -2 dagger (curse)
rCold    . . .     Gourm    .   (no shield)
rNeg     . . .     Faith    .   b - +0 leather armour
rPois    .         Spirit   .   c - +0 helmet
rElec    .         Reflect  .   (no cloak)
rCorr    .         Harm     .   (no gloves)
MR       .....                  (no boots)
Stlth    +.........             (no amulet)
HPRegen  0.09/turn              (no ring)
MPRegen  0.08/turn              (no ring)

@: mildly poisoned (20 -> 18)
A: repulsion field 1, demonic guardian 1
a: no special abilities


You were on level 2 of the Dungeon.
You were not hungry.

You visited 1 branch of the dungeon, and saw 2 of its levels.

You collected 30 gold pieces.

Inventory:

Hand Weapons
 a - a +0 war axe
 k - a cursed -2 dagger (weapon)
Missiles
 h - 76 stones (quivered)
 i - 68 sling bullets
Armour
 b - a +0 leather armour (worn)
 c - a +0 helmet (worn)
 e - a +0 shield
Scrolls
 j - 2 scrolls of identify
 m - 2 scrolls of teleportation
 n - a scroll of fear
Potions
 l - a potion of curing {unknown}
 o - a potion of agility {unknown}
 p - a potion of brilliance
Comestibles
 f - 3 rations
 g - 2 chunks of flesh


   Skills:
 + Level 2.6 Fighting
 + Level 3.1 Axes
 - Level 2.0 Throwing
 - Level 3.0 Dodging


You had 2 spell levels left.
You didn't know any spells.
Your spell library was empty.

Dungeon Overview and Level Annotations

Branches:
Dungeon (2/15)

Altars:
Xom


Innate Abilities, Weirdness & Mutations

You are surrounded by a mild repulsion field. (EV +2)
A weak demonic guardian rushes to your aid.


Message History

You closely miss the adder.
The adder is heavily wounded.
The adder bites you but does no damage.
You hit the adder.
The adder is almost dead.
The adder barely misses you.
You closely miss the adder.
The adder is almost dead.
The adder closely misses you. The adder barely misses you.
You miss the adder.
The adder is almost dead.
You feel sick. The adder bites you but does no damage.
You hit the adder.
You kill the adder!
You have reached level 3!
Your experience leads to an increase in your attributes!
Increase (S)trength, (I)ntelligence, or (D)exterity?
You feel agile.
Your demonic ancestry asserts itself...
You feel the presence of a demonic guardian.
Are you sure you want to abandon this character and quit the game? (Confirm with "yes".)

#.# #.#
########.####
#...........###
#.######......#
######.##
####.#.#
........#
######.#.#
###.##..#
#........#
###.##..#
#?####@###
..#.##..# #.#
....##..# ...
..####..# .....
.........
.#...##
.#####...
....(## .... .#
#### .#### #.
..


There were no monsters in sight!

Vanquished Creatures
  An adder (D:2)
  A dart slug (D:1)
  A leopard gecko (D:1)
  A ball python (D:2)
  A giant cockroach (D:1)
  4 goblins (D:1)
  3 kobolds (D:1)
  5 bats
  A frilled lizard (D:2)
  2 rats (D:1)
20 creatures vanquished.

Notes
Turn   | Place    | Note
-------+----------+-------------------------------------------
     0 | D:1      | Glamhuggeren the Demonspawn Gladiator began the quest for
                  | the Orb.
     0 | D:1      | Reached XP level 1. HP: 16/16 MP: 1/1
   259 | D:1      | Gained mutation: You are surrounded by a mild repulsion
                  | field. (EV +2) [demonic ancestry]
   259 | D:1      | Reached XP level 2. HP: 22/22 MP: 2/2
   618 | D:1      | Found a shimmering altar of Xom.
  1159 | D:2      | Gained mutation: A weak demonic guardian rushes to your
                  | aid. [demonic ancestry]
  1159 | D:2      | Reached XP level 3. HP: 19/28 MP: 3/3
  1160 | D:2      | Quit the game

Skill      XL: |  1  2 |
---------------+-------+-----
Throwing       | 2 |  2.0
Axes           | 3 |  3.1
Dodging        | 3 |  3.0
Fighting       | |  2.6

Action                   || total
-------------------------++-------
Melee: War axe           ||    28
       Dagger            ||   145
Throw: Throwing net      ||     4
  Use: Scroll            ||     2
       Potion            ||     2
 Stab: Sleeping          ||     1
  Eat: Chunk             ||     1
Armor: Leather armour    ||    56
Dodge: Dodged            ||   177
